 Dungeon Crawl Stone Soup version 0.30-a0-1116-gebefce21f7 (webtiles) character file.

Game seed: 1473687588713871029

151 kae the Cudgeller (level 5, -4/44 HPs)
             Began as an Armataur Fighter on Apr 21, 2023.
             Splashed by a jelly's acid (9 damage)
             ... on level 4 of the Dungeon.
             The game lasted 00:02:39 (2748 turns).

kae the Cudgeller (Armataur Fighter)                Turns: 2748, Time: 00:02:40

Health: -4/44      AC: -1    Str: 24    XL:     5   Next: 11%
Magic:  5/5        EV:  7    Int:  8    God:
Gold:   222        SH:  4    Dex:  9    Spells: 4/4 levels left

rFire   . . .      SeeInvis .    a - +0 flail
rCold   . . .      Faith    .    c - +0 buckler
rNeg    . . .      Spirit   .    b - +0 scale mail
rPois   .          Reflect  .    (no helmet)
rElec   .          Roll     +    (no cloak)
rCorr   .                        (no gloves)
Will    +....                    (no barding) Stlth
                                 (no amulet)
HPRegen 0.27/turn                g - ring of willpower
MPRegen 0.09/turn                (no ring)

@: corroded
A: large, rugged brown scales 3, deformed body, armoured tail, roll, long
tongue, awkward tongue
a: no special abilities


You were on level 4 of the Dungeon.
You visited 1 branch of the dungeon, and saw 5 of its levels.

You collected 222 gold pieces.


Innate Abilities, Weirdness & Mutations

You are completely covered in rugged brown scales. (AC +3, +7% HP)
Armour fits poorly on your strangely shaped body.
You have a long armoured tail.
You roll when moving toward enemies. (Rampage)
Your long tongue fully drains potion bottles. (2x potion effects)
Your tongue gives you trouble enunciating. (1.5x scroll delay)


   Skills:
 - Level 2.6 Fighting
 + Level 4.9 Maces & Flails
 - Level 3.6 Armour
 - Level 3.2 Shields


You had 4 spell levels left.
You didn't know any spells.
Your spell library contained the following spells:

 Spells                   Type           Power      Damage    Failure   Level
 Passwall                 Tmut/Erth      0%         N/A       89%         2
 Anguish                  Hex/Necr       0%         N/A       100%        4
 Animate Armour           Summ/Erth      0%         N/A       100%        4
 Cause Fear               Hex            0%         N/A       100%        4
 Enfeeble                 Hex            0%         N/A       100%        7
 Necromutation            Tmut/Necr      0%         N/A       100%        8

Inventory:

Hand Weapons
 a - a +0 flail (weapon)
Missiles
 e - 36 stones (quivered)
 i - 2 poisoned darts
Armour
 b - a +0 scale mail (worn)
 c - a +0 buckler (worn)
Magical Staves
 n - a staff of cold {!a}
   (You found it on level 2 of the Dungeon)
Jewellery
 g - a ring of willpower (left hand)
   (You found it on level 1 of the Dungeon)
Wands
 p - a wand of roots (11)
   (You found it on level 4 of the Dungeon)
 t - a wand of flame (10)
   (You found it on level 4 of the Dungeon)
Scrolls
 k - a scroll of vulnerability {!r!r}
 l - a scroll of teleportation {@r4}
 m - a scroll of immolation {!r!r}
 o - 3 scrolls of fear
 q - a scroll of acquirement {unknown}
 u - a scroll of identify {@r1}
Potions
 d - a potion of might
 f - a potion of ambrosia
 h - a potion of curing {@q1}
 j - 2 potions of attraction {unknown}
 r - a potion of cancellation {unknown}
 s - a potion of lignification {unknown}

Dungeon Overview and Level Annotations

Branches:
Dungeon (5/15) Zot: 26957
 Temple: D:4-7

Altars:
Yredelemnul
The Shining One

....................#..###.#.....
..............##....#.##.........
............#.##....#....#.......
.........<##.....................
#.....#..###........#.#..###.....
##.#.#..##............#.## #.....
##.#...###...###....###.# #.....
...........)......>.....# ######
##............##@J.##..##
##................###..#
...........)...........#
#.....................########
.............................####
.#.#..................######.....
...................#.............
...........................###...
.............................#...


You could see a jelly.


Message History

You now have 191 gold pieces (gained 17).
You now have 199 gold pieces (gained 8).
You now have 206 gold pieces (gained 7).
h - 2 potions of curing {@q1} (gained 1) Key pressed, stopping explore.
No target in view!
No target in view! 😎 HP[+6]
Your hp is fully restored (44).
Things that are here:
a +0 hand axe; a +0 scale mail
t - a wand of flame (10) No target in view!
No target in view!
You now have 222 gold pieces (gained 16).
Done exploring.
Done exploring.
No target in view!
No target in view!
Done exploring.
No target in view!
No target in view!
Done exploring.
(D) Dungeon
Where to? (Enter - D:4, ? - help)
There is a stone staircase leading down here.
You climb downwards.
There is a stone staircase leading up here.
Key pressed, stopping travel.
As you slowly read the scroll of identify {@r1}, it crumbles to dust.
f - a potion of ambrosia
q - a scroll labelled DOSHAAFUAT
Found an escape hatch in the floor.
No target in view!
No target in view!
A quokka comes into view.
You block the quokka's attack.
You sock the quokka!
You kill the quokka!
An ogre comes into view. It is wielding a +0 giant club.
The ogre shouts!
An ogre is nearby!
You see here a scroll of identify {@r1}.
You roll towards the ogre!
An ogre is nearby!
You hit the ogre.
The ogre hits you with a +0 giant club!!
You are too injured to fight recklessly! 😮 HP[-21]
You take 21 damage, and now have 23/44 hp.
MASSIVE DAMAGE!! (PAUSE)
You barely miss the ogre.
The ogre closely misses you. 😮 HP[+1] Unknown command.
You hit the ogre but do no damage.
Your tail-slap misses the ogre.
The ogre hits you with a +0 giant club!!
Ouch! That really hurt!
* * * LOW HITPOINT WARNING * * *
😱 HP[-23]
You take 23 damage, and now have 1/44 hp.
MASSIVE DAMAGE!! (PAUSE)
You feel better.
You slurp down every last drop of the potion of curing {@q1}! 😨 HP[+18]
You regained 18 hp, and now have 19/44 hp.
As you slowly read the scroll of fear, it crumbles to dust.
You assume a fearsome visage.
The ogre looks frightened! 😨 HP[+1] Unknown command.
The ogre starts to cry.
A jelly comes into view.
The jelly quivers.
You see here a scroll of identify {@r1}.
u - a scroll of identify {@r1} You block the jelly's attack. 😨 HP[+1]
The jelly barely misses you. The jelly attacks as you move away!
The jelly hits you but does no damage. 😨 HP[+1] 😮 HP[+1]
There is a stone staircase leading up here.
You block the jelly's attack.
You climb upwards.
There is a stone staircase leading down here. 😮 HP[+1]
You are too injured to fight recklessly!
You are too injured to fight recklessly!
The jelly hits you but does no damage. The jelly barely misses you.
Unknown command.
You hit the jelly.
Your hands burn!
* * * LOW HITPOINT WARNING * * *
The jelly hits you.
* * * LOW HITPOINT WARNING * * *
The acid corrodes you!
You are splashed with acid!
* * * LOW HITPOINT WARNING * * *
The jelly hits you.
* * * LOW HITPOINT WARNING * * *
The acid corrodes you!
You are splashed with acid!
You die...

Skill      XL: |  1  2  3  4 |
---------------+-------------+-----
Maces & Flails | 2 3 4 |  4.9
Fighting       | |  2.6
Armour         | |  3.6
Shields        | |  3.2

Action                     |  1- 3 |  4- 6 || total
---------------------------+-------+-------++-------
  Melee: Flail             |   106 |    91 ||   197
         Tailslap          |    10 |    19 ||    29
    Use: Scroll            |       |     9 ||     9
         Potion            |       |     1 ||     1
 Armour: Scale mail        |    36 |    19 ||    55
  Dodge: Dodged            |    30 |    17 ||    47
  Block: Buckler           |    14 |     8 ||    22

Levels and vault maps discovered:
D:1:      evilmike_arrival_rings, layout_basic,
          hellmonk_ecumenical_altar_pennies_from_heaven
D:2:      layout_loops_cross, basic_altar, serial_forest,
          infiniplex_forest_straight_2, infiniplex_forest_straight_2,
          infiniplex_forest_clump_diagonal, infiniplex_forest_pool,
          infiniplex_forest_side_room, infiniplex_forest_corner_1,
          infiniplex_forest_corner_2, infiniplex_forest_clump_long,
          infiniplex_forest_lined_room_3, infiniplex_forest_pool
D:3:      layout_rooms, mainiacjoe_overflow_surrounded_room
D:4:      layout_rooms
D:5:      layout_gridville, uniq_crazy_yiuf_cottage

Notes
Turn   | Place    | Note
-------+----------+-------------------------------------------
     0 | D:1      | kae the Armataur Fighter began the quest for the Orb.
     0 | D:1      | Reached XP level 1. HP: 19/19 MP: 1/1
     0 | D:1      | magus.rc [v1.11.3]
   115 | D:1      | Reached skill level 2 in Maces & Flails
   161 | D:1      | Reached XP level 2. HP: 21/26 MP: 2/2
   421 | D:1      | Found a faded altar of an unknown god.
   698 | D:1      | Reached skill level 3 in Maces & Flails
  1045 | D:2      | Reached XP level 3. HP: 26/32 MP: 3/3
  1215 | D:2      | Found a glowing golden altar of the Shining One.
  1223 | D:2      | You pick up a book of Maledictions and begin reading...
  1223 | D:2      | You add the spells Anguish and Enfeeble to your library.
  1337 | D:2      | You add the spells Passwall, Animate Armour and
                  | Necromutation to your library.
  1337 | D:2      | Got Weiqei's Grimoire of Amalgamated Teratogeny
  1758 | D:2      | Reached XP level 4. HP: 36/39 MP: 4/4
  1891 | D:3      | Reached skill level 4 in Maces & Flails
  1916 | D:3      | You pick up a book of Hexes and begin reading...
  2063 | D:3      | Found a basalt altar of Yredelemnul.
  2525 | D:4      | Reached XP level 5. HP: 33/44 MP: 5/5
  2709 | D:5      | Entered Level 5 of the Dungeon
  2724 | D:5      | Noticed an ogre
  2729 | D:5      | HP: 1/44 [ogre/+0 giant club (23)]
  2748 | D:4      | HP: 8/44 [acid (10)]
  2748 | D:4      | Splashed by a jelly's acid

Vanquished Creatures
  An orc priest (D:4)
  An iguana (D:3)
  2 adders
  2 worms (D:2)
  4 dart slugs (D:1)
  2 orcs (D:4)
  3 bats
  7 endoplasms
  2 giant cockroaches (D:2)
  5 goblins
  5 hobgoblins
  4 quokkas
  9 ball pythons
  4 frilled lizards
  7 kobolds
  3 rats
  A bush (D:2)
62 creatures vanquished.

Vanquished Creatures (others)
  5 plants (D:2)
5 creatures vanquished.

Grand Total: 67 creatures vanquished

Table legend:
 A = Non-vault XP
 B = Vault XP
 C = Vault XP percentage of total XP
 D = Non-vault monster count
 E = Vault monster count
 F = Vault count percentage of total count
                 A         B        C        D         E       F
            +---------+---------+-------+---------+---------+-------
      Total |     217 |       0 |   0.0 |      61 |       0 |   0.0
            +---------+---------+-------+---------+---------+-------
        D:1 |      39 |       0 |   0.0 |      18 |       0 |   0.0
        D:2 |      59 |       0 |   0.0 |      24 |       0 |   0.0
        D:3 |      61 |       0 |   0.0 |       9 |       0 |   0.0
        D:4 |      56 |       0 |   0.0 |       9 |       0 |   0.0
        D:5 |       2 |       0 |   0.0 |       1 |       0 |   0.0
            +---------+---------+-------+---------+---------+-------

Illustrated notes

Table legend:
 A = Kills in this place as a percentage of kills in the entire game.
 B = Kills by you in this place as a percentage of kills by you in the entire game.
 C = Kills by friends in this place as a percentage of kills by friends in the entire game.
 D = Other kills in this place as a percentage of other kills in the entire game.
 E = Experience gained in this place as a percentage of experience gained in the entire game.
 F = Experience gained in this place divided by the number of levels of this place that you have seen.
                   A       B       C       D       E      F
               +-------+-------+-------+-------+-------+----------------------
         Total | 100.0 | 100.0 |   N/A |   N/A | 100.0 |  43.4
       Dungeon | 100.0 | 100.0 |   N/A |   N/A | 100.0 |  43.4
               +-------+-------+-------+-------+-------+----------------------

Table legend: (Time is in decaauts)
 A = Elapsed time spent in this place.
 B = Non-inter-level travel time spent in this place.
 C = Inter-level travel time spent in this place.
 D = Time resting spent in this place.
 E = Time spent auto-exploring this place.
 F = Levels seen in this place.
 G = Mean time per level.
                   A        B        C        D        E       F      G
               +--------+--------+--------+--------+--------+-----+--------+
         Total |   2801 |   2719 |     82 |      0 |   2216 |   5 |  560.2 |
       Dungeon |   2801 |   2719 |     82 |      0 |   2216 |   5 |  560.2 |
               +--------+--------+--------+--------+--------+-----+--------+

Top non-repeatable levels by time:
     D:1: 1051 daAuts
     D:2: 870 daAuts
     D:4: 450 daAuts
     D:3: 391 daAuts
     D:5: 37 daAuts
